 Dungeon Crawl Stone Soup version 0.21-a0-630-g344d351 (webtiles) character file.

52 Firecrotchwizard the Cudgeler (level 3, 0/39 HPs)
             Began as an Ogre Berserker on Dec 27, 2017.
             Was a Believer of Trog.
             Succumbed to a worker ant's poison
             ... on level 2 of the Dungeon.
             The game lasted 00:03:07 (1560 turns).

Firecrotchwizard the Cudgeler (Ogre Berserker)      Turns: 1560, Time: 00:03:07

Health: 0/39       AC:  3    Str: 21    XL:     3   Next: 85%
Magic:  3/3        EV: 10    Int:  8    God:    Trog [**....]
Gold:   110        SH:  0    Dex:  9    Spells: 2/2 levels left

rFire    . . .     SeeInvis .   a - +0 mace
rCold    . . .     Gourm    .   (no shield)
rNeg     . . .     Faith    .   b - +0 animal skin
rPois    .         Spirit   .   (helmet restricted)
rElec    .         Reflect  .   (no cloak)
rCorr    .         Harm     .   (gloves unavailable)
MR       .....     Rnd*Tele +   (boots unavailable)
Stlth    +.........             (no amulet)
HPRegen  0.13/turn              d - ring of teleportation (curse) {+/*tele, !d}
MPRegen  0.08/turn              (no ring)

@: lethally poisoned (0 -> -25)
A: large, unfitting armour, tough skin 1
a: Berserk, Trog's Hand, Burn Spellbooks, Renounce Religion


You were on level 2 of the Dungeon.
You worshipped Trog.
Trog was pleased with you.
You were not hungry.

You visited 1 branch of the dungeon, and saw 2 of its levels.

You collected 110 gold pieces.

Inventory:

Hand Weapons
 a - a +0 mace (weapon)
 k - a +2 dagger of holy wrath
   (You took it off a kobold on level 2 of the Dungeon)
Missiles
 g - 7 javelins (quivered)
 n - 8 tomahawks of dispersal {=f}
Armour
 b - a +0 animal skin (worn)
Jewellery
 d - a cursed ring of teleportation (left hand) {+/*tele, !d}
   (You found it on level 1 of the Dungeon)
Scrolls
 f - a scroll of fear
 i - a scroll of identify
Potions
 e - a potion of heal wounds {unknown}
 j - a potion of lignification {unknown}
 m - a potion of mutation {unknown}
Comestibles
 c - 3 rations {@e1}
 h - 3 chunks of flesh {@w0}


   Skills:
 - Level 4.0 Fighting
 * Level 4.2 Maces & Flails
 - Level 2.6 Dodging


You had 2 spell levels left.
You didn't know any spells.

Dungeon Overview and Level Annotations

Branches:
Dungeon (2/15)

Altars:
Sif Muna
Yredelemnul


Innate Abilities, Weirdness & Mutations

You are too large for most types of armour.
You have tough skin. (AC +1)


Message History

You eat one of the 5 chunks of flesh {@w0}.
A hobgoblin comes into view. It is wielding a club.
The hobgoblin shouts!
Aim: a hobgoblin, wielding a club You throw a javelin.
The javelin closely misses the hobgoblin.
The hobgoblin closely misses you.
A hobgoblin is nearby!
You hit the hobgoblin. The hobgoblin hits you with a club.
You take 3 damage, and have 36/39 hp.
You hit the hobgoblin but do no damage. The hobgoblin barely misses you.
You sock the hobgoblin!
You kill the hobgoblin!
Trog accepts your kill.
No target in view!
Things that are here:
a club; 7 tomahawks; a hobgoblin corpse You butcher the hobgoblin corpse.
h - 6 chunks of flesh {@w0} (gained 2)
Things that are here:
a club; 7 tomahawks
Things that are here:
a club; 7 tomahawks
g - 11 javelins (gained 1)
Found a stone staircase leading up.
Found a stone staircase leading up.
Health restored: 39
There is a stone staircase leading up here.
You now have 110 gold pieces (gained 15).
n - 8 tomahawks of dispersal {=f}
As you read the scroll labeled WUEPNAD ROIN CUZI, it crumbles to dust.
You hear a loud clanging noise!
It was a scroll of noise.
A worm comes into view.
Aim: a worm (hasn't noticed you)
You throw a javelin. The javelin hits the worm.
You barely miss the worm. The worm barely misses you.
You barely miss the worm. You hit the worm. The worm closely misses you.
You hit the worm but do no damage. The worm misses you.
You thump the worm! You sock the worm! The worm bites you!
You take 10 damage, and have 29/39 hp.
MASSIVE DAMAGE!!
You barely miss the worm. The worm bites you.
You take 4 damage, and have 25/39 hp.
You barely miss the worm. The worm bites you!
You take 7 damage, and have 18/39 hp.
You sock the worm!
You kill the worm!
Trog accepts your kill.
You start resting.
Some of the chunks of flesh in your inventory have rotted away.
A worker ant comes into view.
You regained 13 hp, and now have 31/39 hp.
Aim: a worker ant (hasn't noticed you)
You throw a javelin.
The worker ant twitches its antennae in your direction.
The javelin hits the worker ant!
Aim: a worker ant (moderately wounded)
You throw a javelin.
The javelin closely misses the worker ant.
Aim: a worker ant (moderately wounded)
You throw a javelin.
The javelin closely misses the worker ant.
The worker ant bites you.
You are poisoned.
The worker ant poisons you!
You take 4 damage, and have 28/39 hp.
You barely miss the worker ant.
You feel sick. The worker ant bites you. The worker ant barely misses you.
You take 6 damage, and have 22/39 hp.
You closely miss the worker ant.
You feel sick. The worker ant bites you.
You take 2 damage, and have 20/39 hp.
You barely miss the worker ant.
You feel sick. The worker ant closely misses you. x2
You take 1 damage, and have 19/39 hp.
You hit the worker ant.
You feel sick. The worker ant bites you.
You are more poisoned.
The worker ant poisons you!
You take 6 damage, and have 13/39 hp.
You closely miss the worker ant.
You feel sick. The worker ant bites you.
* * * LOW HITPOINT WARNING * * *
You are more poisoned.
The worker ant poisons you!
You take 3 damage, and have 10/39 hp.
You hit the worker ant.
* * * LOW HITPOINT WARNING * * *
You feel sick. The worker ant bites you.
* * * LOW HITPOINT WARNING * * *
You are more poisoned.
The worker ant poisons you! The worker ant barely misses you.
You take 5 damage, and have 5/39 hp.
You hit the worker ant.
* * * LOW HITPOINT WARNING * * *
You feel very sick. The worker ant closely misses you.
You take 3 damage, and have 2/39 hp.
You closely miss the worker ant.
You die...

#.##.##.# #....##.#
#..####.# #..####.#
#.......# #
##.############ #
#.#####......###### #
#.....#.####.(.%..#
#####.###.#.####@#
......# #.....##a####.#
#####.###.#.#...........
# #.....#.####.####.#. #
###.###.. ..# #.######
#(( #.#...# ####
######.#...########
##..................


You could see a worker ant.

Vanquished Creatures
  An ooze (D:1)
  2 worms (D:2)
  2 dart slugs (D:1)
  6 bats
  2 giant cockroaches (D:1)
  5 hobgoblins
  4 jackals (D:1)
  A ball python (D:2)
  2 frilled lizards (D:1)
  A goblin (D:1)
  6 kobolds
  6 rats
38 creatures vanquished.

Notes
Turn   | Place    | Note
-------+----------+-------------------------------------------
     0 | D:1      | Firecrotchwizard the Ogre Berserker began the quest for the Orb.
     0 | D:1      | Reached XP level 1. HP: 24/24 MP: 1/1
    16 | D:1      | Reached skill level 3 in Maces & Flails
    28 | D:1      | Reached XP level 2. HP: 15/32 MP: 2/2
   333 | D:1      | Reached XP level 3. HP: 39/39 MP: 3/3
   578 | D:1      | Reached ** piety under Trog
   592 | D:1      | Reached skill level 4 in Maces & Flails
   598 | D:1      | HP: 7/39 [jackal (3)]
  1168 | D:2      | Found a deep blue altar of Sif Muna.
  1169 | D:2      | Found a basalt altar of Yredelemnul.
  1558 | D:2      | HP: 8/39 [poisoned by a worker ant]
  1559 | D:2      | HP: 2/39 [poisoned by a worker ant]
  1560 | D:2      | Succumbed to a worker ant's poison

Vault maps used:
D:1:      tarquinn_simple_flora_water_b
D:2:      minitemple

Skill      XL: |  1  2  3 |
---------------+----------+-----
Maces & Flails | 3 4 |  4.2
Fighting       | |  4.0
Dodging        | |  2.6

Action                   || total
-------------------------++-------
Melee: Mace              ||    81
Throw: Javelin           ||    39
  Use: Scroll            ||     2
  Eat: Chunk             ||     2
Armor: Animal skin       ||    40
Dodge: Dodged            ||    63

Table legend:
 A = Spawn XP
 B = Non-spawn XP
 C = Spawn XP percentage of total XP
 D = Spawn monster count
 E = Non-spawn monster count
 F = Spawn count percentage of total count
 G = Total turns spent on level
                    A         B        C        D         E        F      G
               +---------+---------+-------+---------+---------+-------+---------
         Total |       0 |      75 |   0.0 |       0 |      38 |   0.0 |  1560
               +---------+---------+-------+---------+---------+-------+---------
           D:1 |       0 |      55 |   0.0 |       0 |      28 |   0.0 |  1030
           D:2 |       0 |      20 |   0.0 |       0 |      10 |   0.0 |   530
               +---------+---------+-------+---------+---------+-------+---------

Vault maps used:
D:1:      tarquinn_simple_flora_water_b
D:2:      minitemple

Table legend:
 A = Turns spent in this place as a percentage of turns spent in the entire game.
 B = Non-inter-level travel turns spent in this place as a percentage of non-inter-level travel turns spent in the entire game.
 C = Inter-level travel turns spent in this place as a percentage of turns spent in this place.
 D = Turns resting spent in this place as a percentage of non-inter-level travel turns spent in this place.
 E = Turns spent auto-exploring this place as a percentage of non-inter-level travel turns spent in this place.
 F = Non-inter-level travel turns spent in this place divided by the number of levels of this place that you've seen.
                   A       B       C       D       E      F
               +-------+-------+-------+-------+-------+----------------------
         Total | 100.0 | 100.0 |   1.7 |  33.9 |  53.8 | 767.0
       Dungeon | 100.0 | 100.0 |   1.7 |  33.9 |  53.8 | 767.0
               +-------+-------+-------+-------+-------+----------------------

Table legend:
 A = Kills in this place as a percentage of kills in entire the game.
 B = Kills by you in this place as a percentage of kills by you in the entire game.
 C = Kills by friends in this place as a percentage of kills by friends in the entire game.
 D = Other kills in this place as a percentage of other kills in the entire game.
 E = Experience gained in this place as a percentage of experience gained in the entire game.
 F = Experience gained in this place divided by the number of levels of this place that you have seen.
                   A       B       C       D       E      F
               +-------+-------+-------+-------+-------+----------------------
         Total | 100.0 | 100.0 |   N/A |   N/A | 100.0 |  37.5
       Dungeon | 100.0 | 100.0 |   N/A |   N/A | 100.0 |  37.5
               +-------+-------+-------+-------+-------+----------------------
